 Dungeon Crawl Stone Soup version 0.28-a0-1159-g27aa881441 (webtiles) character file.

Game seed: 13291050086197656930

1935 fragbeetle the Ruffian (level 8, -9/59 HPs)
             Began as a Pale Draconian Transmuter on Dec 16, 2021.
             Was a Follower of Makhleb.
             Killed by divine providence
             ... invoked by an orc priest
              (11 damage)
             ... on level 7 of the Dungeon.
             The game lasted 00:22:54 (6984 turns).

fragbeetle the Ruffian (Pale Draconian Transmuter)  Turns: 6984, Time: 00:22:54

Health: -9/59      AC:  6    Str: 15    XL:     8   Next: 97%
Magic:  8/11       EV: 19    Int: 14    God:    Makhleb [*.....]
Gold:   435        SH:  0    Dex: 16    Spells: 2/11 levels left

rFire   . . .      SeeInvis .     - Unarmed
rCold   . . .      Faith    .   (shield currently unavailable)
rNeg    . . .      Spirit   .   (armour unavailable)
rPois   x          Reflect  .   (helmet currently unavailable)
rElec   .          Harm     .   (cloak currently unavailable)
rCorr   .          Rampage  .   (gloves currently unavailable)
Will    .....                   (boots currently unavailable)
Stlth   +.........              (no amulet)
HPRegen 0.19/turn               q - +4 ring of protection
MPRegen 0.12/turn               (no ring)

@: spider-form
A: venomous fangs, (breathe steam), AC +6, tiny, unfitting armour,
(cold-blooded), (steam resistance)
a: End Transformation, Renounce Religion


You were on level 7 of the Dungeon.
You worshipped Makhleb.
Makhleb was aware of your devotion.
You were a venomous arachnid creature.
You visited 2 branches of the dungeon, and saw 8 of its levels.

You collected 435 gold pieces.

Inventory:

Missiles
 a - 381 stones
Armour
 t - a +0 pair of boots (melded)
Jewellery
 g - a +6 ring of dexterity
 q - a +4 ring of protection (left front leg)
Wands
 l - a wand of iceblast (9)
 o - a wand of flame (21)
Scrolls
 c - a scroll of holy word
 d - a scroll of identify
 e - a scroll of vulnerability {unknown}
 f - a scroll of amnesia {unknown}
 j - a scroll of teleportation {unknown}
 k - a scroll of enchant weapon
 n - a scroll of enchant armour {unknown}
 s - a scroll of blinking {unknown}
 w - a scroll of magic mapping {unknown}
 x - a scroll of fear {unknown}
 y - a scroll of fog {unknown}
Potions
 b - a potion of attraction
 h - a potion of haste {unknown}
 i - a potion of lignification {unknown}
 m - a potion of heal wounds {unknown}
 p - a potion of curing {unknown}
 r - a potion of cancellation {unknown}
 u - a potion of might {unknown}
 v - 2 potions of brilliance {unknown}


   Skills:
 - Level 1.1 Fighting
 - Level 1.7 Dodging
 + Level 6.7 Unarmed Combat
 - Level 2.0 Spellcasting
 * Level 6.3 Transmutations
 + Level 5.4 Ice Magic
 + Level 5.4 Poison Magic


You had 2 spell levels left.
You knew the following spells:

 Your Spells              Type           Power      Damage    Failure   Level
a - Beastly Appendage     Tmut           38%        N/A       8%          1
b - Spider Form           Tmut/Pois      17%        N/A       17%         3
c - Sting                 Tmut/Pois      68%        1d6       9%          1
d - Ice Form              Ice/Tmut       17%        N/A       43%         4

Your spell library contained the following spells:

 Spells                   Type           Power      Damage    Failure   Level
 Wereblood                Tmut           19%        N/A       10%         2
 Poisonous Vapours        Pois/Air       16%        N/A       28%         2
 Magic Dart               Conj           4%         1d3       45%         1
 Call Imp                 Summ           1%         N/A       56%         2
 Olgreb's Toxic Radiance  Pois           16%        N/A       47%         4
 Mephitic Cloud           Conj/Pois/Air  6%         N/A       56%         3
 Blade Hands              Tmut           9%         N/A       65%         5
 Irradiate                Conj/Tmut      5%         3d15      96%         5
 Dragon Form              Tmut           9%         N/A       100%        7
 Borgnjor's Revivificati  Necr           0%         N/A       100%        8
 Necromutation            Tmut/Necr      5%         N/A       100%        8
 Death's Door             Necr           0%         N/A       100%        9


Dungeon Overview and Level Annotations

Branches:
Dungeon (7/15)             Temple (1/1) D:5

Altars:
Ashenzari
Elyvilon
Fedhas
Gozag
Hepliaklqana
Kikubaaqudgha
Makhleb
Nemelex Xobeh
Okawaru
Qazlal
Ru
Sif Muna
Trog
Uskayaw
Vehumet
Wu Jian
Xom
Yredelemnul
Zin
The Shining One

Shops:
D:3 (   D:4 =

Annotations:
D:5 2 runed translucent doors
D:6 Sigmund


Innate Abilities, Weirdness & Mutations

You are a venomous arachnid creature.
You have poisonous fangs.
You are tiny and dextrous.
Your spellcasting is less reliable in this form.
Your armour is entirely melded.
You are incapable of wielding weapons or throwing items.
((You can breathe blasts of scalding, opaque steam.))
((Your pale cyan-grey scales are hard. (AC +6)))
You cannot fit into any form of body armour.
((You are cold-blooded and may be slowed by cold attacks.))
((You are immune to the effects of steam.))


Message History

Beogh smites you!
Okay, then.
As you read the scroll labelled HACIS IHELE, it crumbles to dust.
It is a scroll of enchant weapon.
You aren't carrying any weapons that can be enchanted.
As you read the scroll labelled SUZEZAXITU, it crumbles to dust.
You speak a Word of immense power!
It was a scroll of holy word.
As you read the scroll labelled UCOKHIE ROUMA, it crumbles to dust.
It is a scroll of identify.
b - a potion of attraction
Casting: Spider Form (dangerous; 6% risk of failure)
Confirm with . or Enter, or press ? or * to list all spells.
You turn into a venomous arachnid creature.
Your +0 pair of boots melds into your body.
You hit the orc priest.
The orc priest is poisoned.
The orc priest is moderately wounded.
The orc priest hits you but does no damage.
An orc comes into view. It is wielding a +0 dagger.
The orc priest closely misses you.
The orc shouts!
You hit the orc priest but do no damage.
The orc priest is heavily wounded.
The orc priest hits you from afar with a +0 trident.
The orc priest hits you with a +0 flail!
* * * LOW HITPOINT WARNING * * *
The orc wizard casts a spell at you. The puff of flame hits you!
* * * LOW HITPOINT WARNING * * *
Unknown command.
You bite the orc priest!
The orc priest is almost dead.
You kill the orc priest!
Makhleb accepts your kill. The orc priest misses you.
You bite the orc wizard!
The orc wizard is poisoned.
The orc wizard is severely wounded.
The orc wizard misses you.
The orc priest calls down the wrath of Beogh upon you.
Beogh smites you!
You die...

....#.....#......#
....#######......#######
'##....................#
..#....................#
..#.....[..............#
..'....................#
..#....................#
..#....................#
..#............)s......#
####'#######...o########
.).....# #..o.# )......#
#....# .......+ #....#
.......# +..o.# .......#
#.>..# #####..# #....#
....#### #.....o


You could see an orc priest, an orc wizard (very poisoned) and an orc.

Vanquished Creatures
  A deep elf pyromancer (D:7)
  A troll (D:7)
  A steam dragon (D:7)
  A water moccasin (D:6)
  A phantom (D:6)
  2 bullfrogs
  A scorpion (D:4)
  A jelly (D:5)
  A bullfrog skeleton (D:4)
  5 orc priests
  A gnoll shaman (D:7)
  2 hounds
  5 iguanas
  3 orc wizards
  A scorpion zombie (D:5)
  A hound skeleton (D:5)
  3 gnolls (D:7)
  A howler monkey skeleton (D:7)
  5 adders
  A white imp (D:5)
  2 worms
  5 dart slugs
  21 orcs
  10 endoplasms
  9 giant cockroaches
  9 goblins
  7 hobgoblins
  3 jackals (D:3)
  3 quokkas
  6 ball pythons
  6 bats
  3 frilled lizards
  8 kobolds
  2 rats
132 creatures vanquished.

Notes
Turn   | Place    | Note
-------+----------+-------------------------------------------
     0 | D:1      | fragbeetle the Draconian Transmuter began the quest for the
                  | Orb.
     0 | D:1      | Reached XP level 1. HP: 16/16 MP: 3/3
   280 | D:1      | Reached XP level 2. HP: 8/23 MP: 3/5
  1213 | D:1      | Reached XP level 3. HP: 27/28 MP: 4/6
  1662 | D:1      | Learned a level 3 spell: Spider Form
  1664 | D:1      | Learned a level 1 spell: Sting
  1672 | D:2      | Found a white marble altar of Elyvilon.
  2064 | D:2      | Found a faded altar of an unknown god.
  2406 | D:2      | Reached skill level 1 in Poison Magic
  2580 | D:3      | Reached XP level 4. HP: 32/35 MP: 5/7
  3127 | D:3      | Reached XP level 5. HP: 37/40 MP: 6/8
  3350 | D:3      | Found Uklukly's Antique Weapon Shop.
  3761 | D:4      | Reached XP level 6. HP: 39/47 MP: 6/9
  3955 | D:4      | Found Illas's Jewellery Shop.
  4226 | D:5      | Entered Level 5 of the Dungeon
  4337 | D:5      | Learned a level 4 spell: Ice Form
  4430 | D:5      | Found a staircase to the Ecumenical Temple.
  4455 | Temple   | Entered the Ecumenical Temple
  4515 | Temple   | Became a worshipper of Makhleb the Destroyer
  4620 | D:5      | Reached skill level 5 in Unarmed Combat
  4675 | D:5      | Reached skill level 1 in Ice Magic
  5149 | D:5      | Found a runed translucent door.
  5151 | D:5      | Found a runed translucent door.
  5267 | D:6      | Noticed an ice beast
  5284 | D:6      | Noticed a water moccasin
  5332 | D:6      | Noticed Sigmund
  5475 | D:6      | Your scales start taking on a pale cyan-grey colour.
  5475 | D:6      | Reached XP level 7. HP: 47/52 MP: 6/10
  5475 | D:6      | Gained mutation: You are immune to the effects of steam.
                  | [Pale Draconian growth]
  5919 | D:6      | Noticed a steam dragon
  5931 | D:7      | Killed a steam dragon
  5932 | D:7      | Reached skill level 5 in Transmutations
  6313 | D:7      | Reached * piety under Makhleb
  6320 | D:7      | Reached XP level 8. HP: 59/59 MP: 8/11
  6511 | D:7      | Noticed a deep elf pyromancer
  6528 | D:7      | Killed a deep elf pyromancer
  6529 | D:7      | Reached skill level 5 in Poison Magic
  6644 | D:7      | Noticed a troll
  6675 | D:7      | Killed a troll
  6676 | D:7      | Reached skill level 5 in Ice Magic
  6982 | D:7      | HP: 2/59 [orc wizard/puff of flame (9)]
  6984 | D:7      | Killed from afar by an orc priest

Illustrated notes

Levels and vault maps discovered:
D:1:      dpeg_arrival_morbid_curiosity, layout_basic
D:2:      layout_basic, dreamdust_ecumenical_altar_angels_and_demons,
          basic_altar
D:3:      minmay_chambers_of_threes, layout_basic, serial_shops, shop,
          minivault_4
D:4:      layout_cave_pools, minmay_shop_enchanted_jewellery
D:5:      lemuel_insect_pit, layout_loops_ring, minmay_temple_entry_tees,
          minmay_increasing_density
D:6:      layout_rooms, minivault_23, hangedman_decor_growths,
          palyth_stone_intersect, minmay_crystal_room, feat_on_display,
          uniq_sigmund
D:7:      layout_gridville, general_overflow_altar
Temple:   regret_index_temple_sigil_plot

Skill      XL: |  1  2  3  4  5  6  7  8 |
---------------+-------------------------+-----
Transmutations | 3 4 5 6 |  6.3
Poison Magic   | 1 2 3 4 5 |  5.4
Unarmed Combat | 4 5 6 |  6.7
Ice Magic      | 1 3 5 |  5.4
Fighting       | |  1.1
Dodging        | |  1.7
Spellcasting   | |  2.0

Action                   |  1- 3 |  4- 6 |  7- 9 || total
-------------------------+-------+-------+-------++-------
Melee: Unarmed           |    95 |   144 |   130 ||   369
       Kick              |    21 |    21 |     1 ||    43
       Headbutt          |     9 |    19 |     1 ||    29
       Tailslap          |     7 |    12 |       ||    19
       Punch             |     2 |     1 |       ||     3
 Cast: Beastly Appendage |    31 |    26 |     1 ||    58
       Sting             |    15 |    20 |     1 ||    36
       Spider Form       |       |     8 |    16 ||    24
  Use: Scroll            |       |       |     3 ||     3
 Stab: Sleeping          |     2 |     1 |       ||     3
Armor: Skin              |    20 |    36 |    19 ||    75
Dodge: Dodged            |    55 |    87 |    94 ||   236

Table legend: (Time is in decaauts)
 A = Elapsed time spent in this place.
 B = Non-inter-level travel time spent in this place.
 C = Inter-level travel time spent in this place.
 D = Time resting spent in this place.
 E = Time spent auto-exploring this place.
 F = Levels seen in this place.
 G = Mean time per level.
                   A        B        C        D        E       F      G
               +--------+--------+--------+--------+--------+-----+--------+
         Total |   6960 |   6539 |    421 |   1215 |   2904 |   8 |  870.0 |
       Dungeon |   6866 |   6457 |    409 |   1215 |   2864 |   7 |  980.9 |
        Temple |     93 |     81 |     12 |      0 |     40 |   1 |   93.0 |
               +--------+--------+--------+--------+--------+-----+--------+

Top non-repeatable levels by time:
     D:1: 1664 daAuts
     D:5: 1214 daAuts
     D:7: 1013 daAuts
     D:3: 896 daAuts
     D:2: 845 daAuts
     D:4: 808 daAuts
     D:6: 423 daAuts
  Temple: 93 daAuts
